 Dungeon Crawl Stone Soup version 0.19.0 (webtiles) character file.

323 Buncs the Charmwright (level 6, 0/41 HPs)
             Began as a Halfling Skald on Nov 10, 2016.
             Was a Follower of Uskayaw.
             Succumbed to a worker ant's poison
             ... on level 4 of the Dungeon.
             The game lasted 00:32:12 (3581 turns).

Buncs the Charmwright (Halfling Skald)              Turns: 3581, Time: 00:32:13

Health: 0/41       AC:  5    Str: 16 (19) XL:     6   Next: 77%
Magic:  4/9        EV: 14    Int:  9 (10) God:    Uskayaw [*.....]
Gold:   125        SH:  7    Dex: 16 (17) Spells: 2 memorised, 6 levels left

rFire  . . .     SeeInvis .     r - -3 short sword (curse)
rCold  . . .     Gourm    .     b - +1 leather armour
rNeg   . . .     Faith    .     h - +2 buckler
rPois  .         Spirit   .     (no helmet)
rElec  .         Reflect  .     (no cloak)
rCorr  .         Harm     .     i - +0 pair of gloves
MR     +....                    (no boots)
Stlth  ++........               (no amulet)
                                (no ring)
                                u - ring of flight

@: mighty, lethally poisoned (0 -> -10), infused, singing (expiring)
A: agile 1, magic resistance 1, mutation resistance 1
a: Stomp, Renounce Religion, Stop Singing, Evoke Flight


You were on level 4 of the Dungeon.
You worshipped Uskayaw.
Uskayaw was noncommittal.
You were not hungry.

You visited 1 branch of the dungeon, and saw 5 of its levels.

You collected 125 gold pieces.

Inventory:

Hand Weapons
 a - a +0 short sword
 d - a +0 war axe of electrocution
 n - a +1 whip of draining
 o - a +0 dagger of venom
 q - a +0 blowgun
 r - a cursed -3 short sword (weapon)
Missiles
 f - 17 poisoned needles
Armour
 b - a +1 leather armour (worn)
 h - a +2 buckler (worn)
 i - a +0 pair of gloves (worn)
Jewellery
 u - a ring of flight (left hand)
Wands
 m - a wand of confusion (14/48)
Scrolls
 j - a scroll of identify
 s - a scroll of teleportation
Potions
 e - a potion of magic
 l - a potion of mutation
Books
 c - a book of Battle

   Spells                             Type                      Level
   a - Infusion                       Charms                       1
   b - Shroud of Golubria             Charms/Translocation         2
   c - Song of Slaying                Charms                       2
   d - Spectral Weapon                Hexes/Charms                 3
   e - Regeneration                   Charms/Necromancy            3
Comestibles
 g - 2 meat rations
 k - a bread ration
 p - a beef jerky


   Skills:
 + Level 2.4 Fighting
 + Level 4.2 Short Blades
 + Level 2.2 Armour
 + Level 2.5 Dodging
 + Level 1.0 Stealth
 * Level 2.1 Shields
 + Level 2.2 Spellcasting
 + Level 4.4 Charms


You had 6 spell levels left.
You knew the following spells:

 Your Spells              Type           Power        Failure   Level  Hunger
a - Infusion              Chrm           #...         10%         1    ##.....
b - Song of Slaying       Chrm           #.......     14%         2    ###....


Dungeon Overview and Level Annotations

Branches:
Dungeon (5/15)
 Temple: D:4-7

Altars:
Gozag
Hepliaklqana
Okawaru
Qazlal
Uskayaw
Zin

Shops:
D:4 [%

Annotations:
D:4 Eustachio


Innate Abilities, Weirdness & Mutations

You are small and have problems with some larger weapons.
You are somewhat resistant to further mutation.
You are agile. (Dex +2)
You are resistant to hostile enchantments. (MR+)


Message History

* * * LOW HITPOINT WARNING * * *
You feel sick. The worker ant barely misses you.
You closely miss the worker ant.
* * * LOW HITPOINT WARNING * * *
You feel sick. You block the worker ant's attack.
You closely miss the worker ant.
* * * LOW HITPOINT WARNING * * *
You feel sick. You block the worker ant's attack.
You hit the worker ant but do no damage.
* * * LOW HITPOINT WARNING * * *
You feel sick. You block the worker ant's attack.
You feel very mighty all of a sudden.
* * * LOW HITPOINT WARNING * * *
You feel sick. The worker ant bites you!
* * * LOW HITPOINT WARNING * * *
You block the worker ant's attack.
You puncture the worker ant!
The worker ant is severely wounded.
Your song is almost over.
You die...

################
.......@a.....?.
.........†...###
####...........#
#...........#
#............
#............
#..........Z.
#............


You could see a worker ant and an adder skeleton.

Vanquished Creatures
  A scorpion (D:4)
  Natasha (thrice) (D:2)
  2 orc wizards (D:3)
  A worker ant (D:4)
  2 adders (D:2)
  3 worms
  4 dart slugs
  6 leopard geckos
  5 orcs
  7 bats
  3 giant cockroaches
  7 goblins
  8 hobgoblins
  6 jackals
  A quokka (D:4)
  4 ball pythons
  8 frilled lizards
  5 kobolds
  9 rats
85 creatures vanquished.

Notes
Turn   | Place    | Note
-------+----------+-------------------------------------------
     0 | D:1      | Buncs the Halfling Skald began the quest for the Orb.
     0 | D:1      | Reached XP level 1. HP: 14/14 MP: 3/3
    96 | D:1      | Reached XP level 2. HP: 17/19 MP: 4/4
   131 | D:1      | Learned a level 2 spell: Song of Slaying
   463 | D:1      | Reached XP level 3. HP: 23/24 MP: 5/5
  1030 | D:2      | Reached XP level 4. HP: 21/29 MP: 1/6
  1241 | D:2      | Noticed Natasha
  1250 | D:2      | Killed Natasha
  1563 | D:2      | Reached XP level 5. HP: 32/34 MP: 2/7
  1597 | D:2      | Noticed Natasha
  1613 | D:2      | Killed Natasha
  1613 | D:2      | Reached skill level 1 in Shields
  1646 | D:2      | Noticed Natasha
  1666 | D:2      | Gained mutation: You are resistant to hostile enchantments. (MR+) [potion of mutation]
  1666 | D:2      | Gained mutation: You are agile. (Dex +2) [potion of mutation]
  1667 | D:2      | Killed Natasha
  2020 | D:3      | Found a stormy altar of Qazlal.
  2562 | D:3      | Reached XP level 6. HP: 35/39 MP: 2/9
  3144 | D:4      | Reached skill level 1 in Stealth
  3145 | D:4      | Found Osutotipt's Food Shop.
  3148 | D:4      | Noticed Eustachio
  3224 | D:4      | Found a hide-covered altar of Uskayaw.
  3224 | D:4      | Found an iron altar of Okawaru.
  3237 | D:4      | Found a hazy altar of Hepliaklqana.
  3279 | D:4      | Found an opulent altar of Gozag.
  3291 | D:4      | Became a worshipper of Uskayaw the Reveler
  3366 | D:4      | Found a glowing silver altar of Zin.
  3381 | D:4      | Reached * piety under Uskayaw
  3437 | D:4      | You fall through a shaft!
  3437 | D:5      | Entered Level 5 of the Dungeon
  3454 | D:4      | Reached ** piety under Uskayaw
  3554 | D:4      | Found Ecry's Antique Armour Emporium.
  3580 | D:4      | HP: 1/41 [worker ant (7)]
  3581 | D:4      | Succumbed to a worker ant's poison

Skill      XL: |  1  2  3  4  5  6 |
---------------+-------------------+-----
Charms         | 4 |  4.4
Short Blades   | 3 4 |  4.2
Fighting       | 2 |  2.4
Dodging        | 2 |  2.5
Shields        | 1 2 |  2.1
Spellcasting   | 2 |  2.2
Armour         | 2 |  2.2
Stealth        | 1 |  1.0

Action                   |  1- 3 |  4- 6 || total
-------------------------+-------+-------++-------
Melee: Short sword       |   122 |   170 ||   292
       Dagger            |       |    78 ||    78
 Cast: Infusion          |     4 |    15 ||    19
       Song of Slaying   |     4 |     9 ||    13
  Use: Scroll            |     1 |     6 ||     7
       Potion            |     2 |     5 ||     7
 Stab: Sleeping          |       |     1 ||     1
  Eat: Bread ration      |     2 |     1 ||     3
Armor: Leather armour    |    28 |    51 ||    79
Dodge: Dodged            |    95 |   118 ||   213
Block: Buckler           |    16 |    69 ||    85
